 Dungeon Crawl Stone Soup version 0.24-a0-408-gcc1054c7ca (webtiles) character file.

Game seed: 8547144466021870875

488 Amnesiac the Insei (level 7, -1/43 HPs)
             Began as an Octopode Transmuter on June 5, 2019.
             Succumbed to a water moccasin's poison
             ... on level 6 of the Dungeon.
             The game lasted 00:08:00 (3000 turns).

Amnesiac the Insei (Octopode Transmuter)            Turns: 3000, Time: 00:08:01

Health: -1/43      AC:  2    Str: 10    XL:     7   Next: 13%
Magic:  3/10       EV: 20    Int: 15    God:
Gold:   157        SH:  0    Dex: 19    Spells: 5/10 levels left

rFire    . . .     SeeInvis .     - Unarmed
rCold    . . .     Gourm    .   (shield currently unavailable)
rNeg     . . .     Faith    .   (helmet currently unavailable)
rPois    x         Spirit   .   (no amulet)
rElec    .         Reflect  .   (no ring)
rCorr    .         Harm     .   (no ring)
MR       .....                  (no ring)
Stlth    ++........             (no ring)
HPRegen  0.14/turn              (no ring)
MPRegen  0.12/turn              (no ring)
                                (no ring)
                                (no ring)

@: lethally poisoned (-1 -> -26), spider-form (expiring), marked
A: tiny, almost no armour, stealthy swim, (amphibious), 8 rings, (constrict 8)
a: End Transformation


You were on level 6 of the Dungeon.
You were not hungry.
You were a venomous arachnid creature.
You visited 1 branch of the dungeon, and saw 6 of its levels.

You collected 157 gold pieces.

Inventory:

Hand Weapons
 j - a -2 long sword
Missiles
 a - 55 arrows
Scrolls
 b - a scroll of magic mapping {!r}
 h - a scroll of amnesia {!r}
Potions
 d - a potion of flight {!q}
 f - 2 potions of brilliance {!q}
Comestibles
 g - a ration


   Skills:
 - Level 1.0 Fighting
 - Level 2.0 Dodging
 - Level 5.8 Unarmed Combat
 - Level 2.0 Spellcasting
 + Level 5.5 Transmutations


You had 5 spell levels left.
You knew the following spells:

 Your Spells              Type           Power        Failure   Level  Hunger
b - Sticks to Snakes      Tmut           ###.....     11%         2    ###....
e - Spider Form           Tmut/Pois      #.........   43%         3    ###....

Your spell library contained the following spells:

 Spells                   Type           Power        Failure   Level  Hunger
 Beastly Appendage        Tmut           ###...       9%          1    #......
 Blade Hands              Tmut           ###.......   73%         5    ######.
 Ice Form                 Ice/Tmut       #.......     77%         4    #####..


Dungeon Overview and Level Annotations

Branches:
Dungeon (6/15)             Temple (0/1) D:5

Altars:

Annotations:
D:3 3 runed translucent doors, p0werm0de's ghost, amateur DsWn
D:4 exclusion: downstairs


Innate Abilities, Weirdness & Mutations

You cannot wear most types of armour.
You are very stealthy in the water. (Stealth+)
((You are amphibious.))
You can wear up to eight rings at the same time.
((You can use your tentacles to constrict eight enemies at once.))
((Your skin changes colour to match your surroundings (Stealth+).))
((Your rubbery body absorbs attacks. (AC +1, EV +1)))


Message History

You turn into a venomous arachnid creature.
A scorpion comes into view.
The water moccasin bites you.
The water moccasin completely misses you.
The water moccasin bites you.
The water moccasin completely misses you.
The water moccasin closely misses you.
Your magical contamination has completely faded away.
The water moccasin barely misses you.
An adder comes into view.
The water moccasin bites you.
You are poisoned.
The water moccasin poisons you!
You feel sick.
You feel sick.
You feel sick.
The orc priest looks braver for a moment.
The water moccasin bites you.
You are lethally poisoned!
The water moccasin poisons you!
* * * LOW HITPOINT WARNING * * *
You feel very sick.
Your transformation is almost over.
* * * LOW HITPOINT WARNING * * *
You feel very sick.
The water moccasin completely misses you.
Casting: Spider Form (slightly dangerous; 43% risk of failure)
Confirm with . or Enter, or press ? or * to list all spells.
You create a snake!
You now have 57 arrows.
* * * LOW HITPOINT WARNING * * *
You feel very sick.
The water moccasin completely misses you.
Unknown command.
Okay, then.
* * * LOW HITPOINT WARNING * * *
You feel very sick.
Your ball python grabs the water moccasin.
Your ball python constricts the water moccasin.
* * * LOW HITPOINT WARNING * * *
You feel very sick.
The water moccasin struggles to escape constriction.
Your ball python constricts the water moccasin.
The water moccasin struggles to escape constriction.
* * * LOW HITPOINT WARNING * * *
You feel very sick.
The water moccasin struggles to escape constriction.
Your ball python constricts the water moccasin.
Casting: Sticks to Snakes (safe; 11% risk of failure)
Confirm with . or Enter, or press ? or * to list all spells.
You create a snake!
You now have 56 arrows.
* * * LOW HITPOINT WARNING * * *
You feel sick.
The water moccasin bites your ball python!
Your ball python dies!
The giant cockroach completely misses you.
The orc priest looks satisfied for a moment.
Casting: Sticks to Snakes (safe; 11% risk of failure)
Confirm with . or Enter, or press ? or * to list all spells.
You create a snake!
You now have 55 arrows.
* * * LOW HITPOINT WARNING * * *
You feel very sick.
The giant cockroach completely misses you.
A scorpion comes into view.
A crimson imp comes into view.
You die...

..(..# #.....#####..#
.....# ##............#
.....## #...###........
......######..####..#.....
.........##...# #...# ....
.............####..## ...
.............# #...# ..
.............###..## ...
..##.........##Ss.# #...
.####..........S.## #....
.# ##.........Sso####.....
.# #.......###.oS........
.# ##.....## ##..........
.. ##.....## ##.........
.. #........## ##os......
....###...# ##....s...
....# #...####.5.####..


You could see a water moccasin, a scorpion, an orc priest, an adder, 2 orcs, a
giant cockroach and 2 friendly ball pythons.

Vanquished Creatures
  A sky beast (D:6)
  A bullfrog (D:6)
  A scorpion (D:4)
  A howler monkey (D:6)
  A crimson imp (D:4)
  3 hounds (D:4)
  An orc priest (D:4)
  An iguana (D:4)
  2 adders
  3 gnolls (D:6)
  An ooze (D:4)
  2 orcs (D:4)
  A ball python (D:1)
  5 giant cockroaches
  A hobgoblin (D:1)
  A quokka (D:2)
  A goblin (D:1)
  2 kobolds (D:2)
  A rat (D:3)
30 creatures vanquished.

Vanquished Creatures (collateral kills)
  A goblin (D:2)
1 creature vanquished.

Grand Total: 31 creatures vanquished

Notes
Turn   | Place    | Note
-------+----------+-------------------------------------------
     0 | D:1      | Amnesiac the Octopode Transmuter began the quest for the
                  | Orb.
     0 | D:1      | Reached XP level 1. HP: 13/13 MP: 3/3
   217 | D:2      | Reached XP level 2. HP: 5/18 MP: 5/5
   225 | D:2      | Learned a level 2 spell: Sticks to Snakes
   360 | D:3      | Found a runed translucent gate.
   361 | D:3      | Found a runed translucent gate.
   362 | D:3      | Found a runed translucent gate.
   364 | D:3      | Noticed p0werm0de's ghost (amateur DsWn)
   450 | D:3      | Reached XP level 3. HP: 16/23 MP: 6/6
   455 | D:3      | Learned a level 3 spell: Spider Form
   545 | D:4      | Reached XP level 4. HP: 14/28 MP: 7/7
   706 | D:5      | Entered Level 5 of the Dungeon
   858 | D:5      | Noticed a phantom
   875 | D:5      | Noticed a phantom
   966 | D:4      | Reached skill level 5 in Transmutations
   966 | D:4      | Reached XP level 5. HP: 16/33 MP: 8/8
  1370 | D:4      | Reached XP level 6. HP: 13/38 MP: 9/9
  1931 | D:5      | Noticed a sky beast
  2225 | D:6      | Noticed a sky beast
  2255 | D:6      | Killed a sky beast
  2472 | D:6      | Reached skill level 5 in Unarmed Combat
  2750 | D:6      | Reached XP level 7. HP: 14/43 MP: 6/10
  2999 | D:6      | HP: 1/43 [poisoned by a water moccasin]
  3000 | D:6      | Succumbed to a water moccasin's poison

Levels and vault maps discovered:
D:1:      mrwooster_arrival_statue_3, layout_basic, minmay_misc_feat_roman
D:2:      layout_loops_ring, grunt_ministairs_3, okawaru_trees_1, uniq_natasha
D:3:      layout_loops_ring, gammafunk_ghost_necromancy,
          uniq_crazy_yiuf_cottage, uniq_sigmund
D:4:      layout_basic, first_ration, hangedman_decor_clover_reticule,
          grunt_decor_resistance
D:5:      layout_cave_pods, minmay_temple_entry_large_hall, uniq_eustachio
D:6:      layout_layer_cave

Skill      XL: |  1  2  3  4  5  6 |
---------------+-------------------+-----
Transmutations | 3 4 5 |  5.5
Unarmed Combat | 5 |  5.8
Fighting       | |  1.0
Dodging        | |  2.0
Spellcasting   | |  2.0

Action                   |  1- 3 |  4- 6 |  7- 9 || total
-------------------------+-------+-------+-------++-------
Melee: Unarmed           |    38 |    76 |     4 ||   118
       Constrict         |    10 |    10 |     1 ||    21
       Tentacles         |     6 |    15 |       ||    21
       Punch             |       |     3 |       ||     3
 Cast: Sticks to Snakes  |     2 |     3 |     3 ||     8
       Spider Form       |       |     4 |     1 ||     5
  Use: Potion            |     1 |       |       ||     1
       Scroll            |       |     7 |       ||     7
 Stab: Sleeping          |     2 |       |       ||     2
  Eat: Chunk             |       |     2 |       ||     2
       Ration            |       |     2 |       ||     2
Armor: Skin              |     1 |     3 |       ||     4
Dodge: Dodged            |    25 |    49 |    10 ||    84

Table legend:
 A = Non-vault XP
 B = Vault XP
 C = Vault XP percentage of total XP
 D = Non-vault monster count
 E = Vault monster count
 F = Vault count percentage of total count
                 A         B        C        D         E       F
            +---------+---------+-------+---------+---------+-------
      Total |     698 |       0 |   0.0 |      31 |       0 |   0.0
            +---------+---------+-------+---------+---------+-------
        D:1 |       9 |       0 |   0.0 |       5 |       0 |   0.0
        D:2 |      16 |       0 |   0.0 |       6 |       0 |   0.0
        D:3 |      15 |       0 |   0.0 |       2 |       0 |   0.0
        D:4 |     336 |       0 |   0.0 |      11 |       0 |   0.0
        D:6 |     322 |       0 |   0.0 |       7 |       0 |   0.0
            +---------+---------+-------+---------+---------+-------
